 Dungeon Crawl Stone Soup version 0.20-a0-1000-g0e8f6bb (webtiles) character file.

4970 Hybris the Cleaver (level 10, -1/82 HPs)
             Began as a Human Fighter on Apr 12, 2017.
             Was a Priest of Qazlal.
             Slain by an orc warrior
             ... wielding a +2 mace of draining
              (2 damage)
             ... on level 9 of the Dungeon.
             The game lasted 00:16:02 (8122 turns).

Hybris the Cleaver (Human Fighter)                  Turns: 8122, Time: 00:16:03

Health: -1/82      AC: 17    Str: 25    XL:     10   Next: 82%
Magic:  12/13      EV:  9    Int:  8    God:    Qazlal [***...]
Gold:   451        SH: 15    Dex: 18    Spells: 9/9 levels left

rFire    + + .     SeeInvis +   k - +4 hand axe (vamp)
rCold    . . .     Gourm    .   c - +0 shield
rNeg     . . .     Faith    .   y - +3 plate armour
rPois    .         Spirit   .   q - +0 hat of the Harvest {Str+5} (curse)
rElec    +         Reflect  +   (no cloak)
rCorr    .         Harm     .   (no gloves)
MR       .....                  z - +2 pair of boots "Kuntauclu" {rElec rF+}
Stlth    ..........             x - +2 amulet of reflection
Regen    0.3/turn               n - ring of see invisible
MPRegen  0.2/turn               b - ring of protection from fire

@: agile, drained
A: no striking features
a: Upheaval, Elemental Force, Renounce Religion


You were on level 9 of the Dungeon.
You worshipped Qazlal.
Qazlal was most pleased with you.
You were not hungry.

You visited 2 branches of the dungeon, and saw 10 of its levels.

You collected 563 gold pieces.
You spent 112 gold pieces at shops.

Inventory:

Hand Weapons
 a - a +0 long sword
 k - a +4 vampiric hand axe (weapon)
 p - a +1 hand axe of freezing
 P - a +2 hand axe
 R - a +4 hand axe
Missiles
 m - 8 tomahawks (quivered)
Armour
 c - a +0 shield (worn)
 q - the cursed +0 hat of the Harvest (worn) {Str+5}
   (You found it on level 9 of the Dungeon)

   It affects your strength (+5).
   It has a curse placed upon it.
 y - a +3 plate armour (worn)
 z - the +2 pair of boots "Kuntauclu" (worn) {rElec rF+}
   (You acquired it on level 7 of the Dungeon)

   It protects you from fire.
   It insulates you from electricity.
Jewellery
 b - a ring of protection from fire (right hand)
 n - a ring of see invisible (left hand)
 x - a +2 amulet of reflection (around neck)
 A - an uncursed ring of ice
Wands
 v - a wand of paralysis (16/24)
 D - a wand of flame (38/48)
 K - a wand of confusion (37/48)
Scrolls
 d - 2 scrolls of amnesia
 h - a scroll of magic mapping
 j - a scroll of fog
 l - 5 scrolls of identify
 E - a scroll of enchant armour
 J - a scroll of teleportation
 N - 2 scrolls of blinking
 Q - 2 scrolls of remove curse
Potions
 g - 2 potions of curing
 o - a potion of brilliance
 r - a potion of cancellation {unknown}
 t - a potion of lignification {unknown}
 u - 4 potions of magic
 w - a potion of heal wounds {unknown}
 C - 4 potions of flight
 F - a potion of haste
 G - a potion of resistance {unknown}
 H - a potion of mutation {unknown}
 I - a potion of degeneration {unknown}
 L - a potion of berserk rage {unknown}
Comestibles
 f - 10 bread rations
 i - 4 fruits
 s - 2 meat rations
 B - 8 chunks of flesh


   Skills:
 + Level 8.9(8.5) Fighting
 - Level 2.5(2.2) Long Blades
 * Level 11.8(11.4) Axes
 - Level 3.0(2.7) Armour
 - Level 3.0(2.7) Shields
 + Level 4.0(3.7) Invocations


You had 9 spell levels left.
You didn't know any spells.

Dungeon Overview and Level Annotations

Branches:
Dungeon (9/15)             Temple (1/1) D:4
   Lair: D:8-11         Orc: D:9-12

Altars:
Ashenzari
Cheibriados
Dithmenos
Elyvilon
Fedhas
Gozag
Hepliaklqana
Kikubaaqudgha
Makhleb
Nemelex Xobeh
Okawaru
Qazlal
Ru
Sif Muna
Trog
Uskayaw
Vehumet
Xom
Yredelemnul
Zin
The Shining One
Lugonu

Shops:
D:8 [


Message History

You enter the shallow water.
Moving in this stuff is going to be slow.
A sky beast comes into view.
The orc priest calls down the wrath of Beogh upon you.
Beogh smites you!
* * * LOW HITPOINT WARNING * * *
You block the orc warrior's attack.
The sky beast flickers out of sight for a moment.
Items here: $ ))) [ †† The orc priest mumbles some strange prayers to Beogh against you.
Beogh smites you!
* * * LOW HITPOINT WARNING * * *
The shadow imp sputters.
There is a stone staircase leading down, spattered with blood here.
Things that are here:
a dagger; a robe; an orc corpse The orc warrior hits you with a mace of draining.
* * * LOW HITPOINT WARNING * * *
You feel drained.
You die... .... ≈ .Y.. ≈. #oo# ≈.. #oo# # #... oo#

≈#
.....####.o######≈#
#≈r≈≈≈)o5≈≈≈≈≈≈##
#####o####.##.#.##
#.@..#.......## #
#.###.#......##.
##.#.#
#.....##.##.###
##....###.....#
...#
.........###### #.#
#...##.## ###..
##.# #.# #.#...# #.
#.# ##.)...# #.#
.........


You could see an orc warrior.

Vanquished Creatures
  A two-headed ogre (D:9)
  A deep elf mage (D:8)
  A hippogriff (D:8)
  Sigmund (D:5)
  A wyvern (D:9)
  3 water moccasins (D:9)
  A phantom (D:4)
  An orc warrior (D:7)
  2 sky beasts
  2 ice beasts (D:5)
  4 centaurs
  An ogre (D:4)
  A big kobold (D:9)
  6 bullfrogs
  3 scorpions
  A water moccasin skeleton (D:8)
  A killer bee (D:9)
  4 howler monkeys
  4 wights
  6 crimson imps
  A bullfrog zombie (D:6)
  A centaur zombie (D:7)
  2 jellies
  2 orc priests (D:6)
  A bullfrog skeleton (D:8)
  3 hounds
  8 orc wizards
  3 iguanas
  4 worker ants
  A hound zombie (D:7)
  2 worker ant zombies
  14 adders
  5 shadow imps
  2 oozes
  3 worms
  2 dart slugs
  3 leopard geckos
  17 orcs
  6 giant cockroaches
  12 hobgoblins
  8 jackals
  3 quokkas
  2 ball pythons
  7 bats
  6 frilled lizards
  9 goblins
  5 kobolds
  2 quokka skeletons
  6 rats
185 creatures vanquished.

Notes
Turn   | Place    | Note
-------+----------+-------------------------------------------
     0 | D:1      | Hybris the Human Fighter began the quest for the Orb.
     0 | D:1      | Reached XP level 1. HP: 18/18 MP: 1/1
    98 | D:1      | Reached XP level 2. HP: 5/24 MP: 2/2
   606 | D:1      | Reached skill level 1 in Axes
   616 | D:1      | Reached XP level 3. HP: 29/29 MP: 3/3
   937 | D:2      | Reached skill level 2 in Axes
   937 | D:2      | Reached XP level 4. HP: 35/35 MP: 4/4
  1837 | D:3      | Found a shadowy altar of Dithmenos.
  1915 | D:3      | Reached skill level 3 in Axes
  1915 | D:3      | Reached XP level 5. HP: 42/42 MP: 5/5
  2664 | D:4      | Noticed an ogre
  2953 | D:4      | Found a staircase to the Ecumenical Temple.
  2962 | Temple   | Entered the Ecumenical Temple
  2995 | Temple   | Became a worshipper of Qazlal Stormbringer
  3036 | D:4      | Killed an ogre
  3036 | D:4      | Reached skill level 4 in Axes
  3036 | D:4      | Reached XP level 6. HP: 48/48 MP: 6/6
  3242 | D:4      | Found a hazy altar of Hepliaklqana.
  3242 | D:4      | Found a shattered altar of Ashenzari.
  3358 | D:4      | Noticed a phantom
  3383 | D:4      | Killed a phantom
  3383 | D:4      | Reached skill level 5 in Axes
  3383 | D:4      | Reached XP level 7. HP: 42/55 MP: 7/7
  3549 | D:5      | Entered Level 5 of the Dungeon
  3675 | D:5      | Reached skill level 5 in Fighting
  3716 | D:5      | Reached skill level 6 in Axes
  3864 | D:5      | Found an ancient bone altar of Kikubaaqudgha.
  3910 | D:5      | Found a sacrificial altar of Ru.
  3958 | D:5      | Reached XP level 8. HP: 54/63 MP: 8/8
  4238 | D:5      | Noticed Sigmund
  4263 | D:5      | Killed Sigmund
  4263 | D:5      | Reached skill level 7 in Axes
  4391 | D:5      | Found a white marble altar of Elyvilon.
  4862 | D:6      | Reached * piety under Qazlal
  4928 | D:6      | Reached skill level 8 in Axes
  5124 | D:6      | Found an opulent altar of Gozag.
  5314 | D:6      | Reached XP level 9. HP: 71/71 MP: 9/9
  5361 | D:6      | Found a burning altar of Makhleb.
  5892 | D:7      | Reached skill level 9 in Axes
  6389 | D:7      | Reached ** piety under Qazlal
  6701 | D:7      | Found a snail-covered altar of Cheibriados.
  6824 | D:7      | Identified a scroll of acquirement
  6827 | D:7      | Got a pair of jewelled boots
  6838 | D:7      | Identified the +2 pair of boots "Kuntauclu" {rElec rF+} (You acquired it on level 7 of the Dungeon)
  6891 | D:8      | Reached skill level 10 in Axes
  7078 | D:8      | Noticed a hippogriff
  7093 | D:8      | Killed a hippogriff
  7093 | D:8      | Reached XP level 10. HP: 64/80 MP: 10/10
  7153 | D:8      | Found a basalt altar of Yredelemnul.
  7153 | D:8      | Found a deep blue altar of Sif Muna.
  7233 | D:8      | Found Cerif's Antique Armour Shoppe.
  7238 | D:8      | Bought a helmet for 112 gold pieces
  7301 | D:8      | Found a bloodstained altar of Trog.
  7355 | D:8      | Noticed a deep elf mage
  7427 | D:8      | Reached skill level 1 in Invocations
  7437 | D:8      | Killed a deep elf mage
  7437 | D:8      | Reached skill level 11 in Axes
  7622 | D:9      | Found a shimmering altar of Xom.
  7653 | D:9      | Got a transparent hat
  7664 | D:9      | Identified the cursed +0 hat of the Harvest {Str+5} (You found it on level 9 of the Dungeon)
  8076 | D:9      | Noticed a two-headed ogre
  8100 | D:9      | Killed a two-headed ogre
  8109 | D:9      | Reached *** piety under Qazlal
  8122 | D:9      | HP: 1/82 [orc warrior/mace of draining (6)]
  8122 | D:9      | Slain by an orc warrior

Vault maps used:
D:1:      sevenhm_arrival_forest_fort_small_3
D:2:      first_bread
D:3:      marbit_many_paths, kennysheep_generic_room_11
D:4:      nicolae_overflow_hidden_temple, gammafunk_temple_overflow_statue,
          minmay_liquid_box
D:5:      lemuel_round_altar, elyvilon_altar_3, lemuel_doored_altar,
          uniq_sigmund
D:6:      grunt_gozag_breadcrumbs, lemuel_crystal_altar, wad_floor_pattern_2
D:7:      cheibriados_altar_1
D:8:      kennysheep_big_flooded_room, lemuel_round_altar,
          gammafunk_temple_overflow_pools, serial_glass, glass_columns_c,
          glass_columns_a, serial_shops, kennysheep_little_box
D:9:      cheibrodos_ideogram_h, basic_altar
Temple:   corrupted_temple

Skill      XL: |  1  2  3  4  5  6  7  8  9 10 |
---------------+-------------------------------+-----
Axes           | 1 2 3 4 5 6 8 10 11 | 11.8
Fighting       | 4 5 6 7 8 |  8.9
Invocations    | 4 |  4.0
Long Blades    | |  2.5
Armour         | |  3.0
Shields        | |  3.0

Action                   |  1- 3 |  4- 6 |  7- 9 | 10-12 || total
-------------------------+-------+-------+-------+-------++-------
Melee: Long sword        |    32 |       |       |       ||    32
       Hand axe          |    40 |   191 |   448 |   238 ||   917
  Use: Scroll            |       |     9 |     3 |     6 ||    18
       Potion            |       |     3 |     1 |     3 ||     7
  Eat: Bread ration      |     1 |       |       |       ||     1
       Chunk             |       |     8 |    13 |     3 ||    24
Armor: Scale mail        |    46 |     9 |       |       ||    55
       Plate armour      |       |    81 |   204 |    68 ||   353
Dodge: Dodged            |    22 |    29 |    37 |    19 ||   107
Block: Shield            |    28 |    73 |   200 |   114 ||   415
       Reflection        |       |       |     5 |    14 ||    19
       Rpst.: Long sword |     2 |       |       |       ||     2
